 Dungeon Crawl Stone Soup version 0.23-b1-3-gdda8187c6f (webtiles) character file.

Game seed: 13818644830877779693

121 Majang the Chopper (level 4, 0/34 HPs)
             Began as a Demonspawn Gladiator on Jan 31, 2019.
             Succumbed to a big kobold's poison
             ... on level 3 of the Dungeon.
             The game lasted 00:08:35 (2662 turns).

Majang the Chopper (Demonspawn Gladiator)           Turns: 2662, Time: 00:08:35

Health: 0/34       AC:  6    Str: 13 (15) XL:     4   Next: 77%
Magic:  4/4        EV: 12    Int:  8 (9)  God:
Gold:   102        SH:  0    Dex: 13 (15) Spells: 3/3 levels left

rFire    . . .     SeeInvis .   a - +0 war axe
rCold    . . .     Gourm    .   (no shield)
rNeg     . . .     Faith    +   w - +0 ring mail
rPois    .         Spirit   .   (helmet restricted)
rElec    .         Reflect  .   (no cloak)
rCorr    .         Harm     .   (no gloves)
MR       .....                  g - +0 pair of boots
Stlth    +.........             m - amulet of faith
HPRegen  0.11/turn              (no ring)
MPRegen  0.09/turn              (no ring)

@: lethally poisoned (0 -> -35), invisible
A: antennae 1
a: no special abilities


You were on level 3 of the Dungeon.
You were not hungry.

You visited 1 branch of the dungeon, and saw 3 of its levels.

You collected 102 gold pieces.

Inventory:

Hand Weapons
 a - a +0 war axe (weapon)
Missiles
 d - 3 throwing nets (quivered)
Armour
 b - a +0 leather armour
 c - a +0 helmet
 g - a +0 pair of boots (worn)
 i - a +0 chain mail
 w - a +0 ring mail (worn)
Jewellery
 m - an amulet of faith (around neck)
Scrolls
 h - 6 scrolls of identify {unknown}
 k - 2 scrolls of teleportation {unknown}
 l - a scroll of blinking {unknown}
 q - 2 scrolls of remove curse {unknown}
 s - a scroll of fog {unknown}
 t - 2 scrolls of immolation {unknown}
 u - a scroll of enchant armour {unknown}
 x - a scroll of fear {unknown}
Potions
 r - a potion of lignification {unknown}
 v - a potion of brilliance {unknown}
Comestibles
 f - 5 rations
 j - 3 chunks of flesh


   Skills:
 + Level 2.8 Fighting
 * Level 3.8 Axes
 - Level 1.7 Throwing
 + Level 1.4 Armour
 + Level 3.3 Dodging


You had 3 spell levels left.
You didn't know any spells.
Your spell library was empty.

Dungeon Overview and Level Annotations

Branches:
Dungeon (3/15)

Altars:
Okawaru


Innate Abilities, Weirdness & Mutations

You have a pair of small antennae on your head.


Message History

You are more poisoned.
You barely miss the big kobold.
The big kobold is heavily wounded.
You feel very sick. The big kobold barely misses you.
You hit the big kobold but do no damage.
The big kobold is heavily wounded.
* * * LOW HITPOINT WARNING * * *
You feel very sick.
The big kobold hits you with a +0 dagger of venom.
* * * LOW HITPOINT WARNING * * *
It was a potion of degeneration.
There was something very wrong with that liquid.
You feel weakened.
You feel dopey.
You feel clumsy.
* * * LOW HITPOINT WARNING * * *
You feel very sick.
The big kobold hits you but does no damage.
It was a potion of invisibility.
You fade into invisibility!
You die...

.......#'## ..#
#.......... ..
+..........
##..#≈##..>.......
#..##≈##........(.
##..#≈≈##..........
#..##≈≈##.......÷†.
#)K#≈≈≈≈#..........
#.@#≈≈≈≈#..........
#))#≈≈≈≈#..........
#..##≈≈............
##..#≈≈.########...
#..#≈..# #...
#.)#..## #...
#.)..## #... #...##
#... ##### #...


You could see a big kobold.

Vanquished Creatures
  2 adders (D:2)
  An ooze (D:3)
  3 worms
  2 dart slugs
  2 leopard geckos
  5 orcs (D:2)
  2 ball pythons
  5 giant cockroaches
  8 goblins
  7 hobgoblins
  17 kobolds
  3 quokkas
  9 bats
  5 frilled lizards
  7 rats
78 creatures vanquished.

Notes
Turn   | Place    | Note
-------+----------+-------------------------------------------
     0 | D:1      | Majang the Demonspawn Gladiator began the quest for the
                  | Orb.
     0 | D:1      | Reached XP level 1. HP: 16/16 MP: 1/1
   294 | D:1      | Gained mutation: You have a pair of small antennae on your
                  | head. [demonic ancestry]
   294 | D:1      | Reached XP level 2. HP: 13/22 MP: 2/2
  1079 | D:2      | Reached XP level 3. HP: 22/28 MP: 3/3
  1162 | D:2      | Reached skill level 1 in Armour
  1623 | D:2      | Reached XP level 4. HP: 30/34 MP: 4/4
  2427 | D:3      | Found an iron altar of Okawaru.
  2640 | D:3      | Noticed a big kobold
  2662 | D:3      | Succumbed to a big kobold's poison

Skill      XL: |  1  2  3 |
---------------+----------+-----
Axes           | 3 |  3.8
Armour         | 1 |  1.4
Dodging        | 3 |  3.3
Fighting       | |  2.8
Throwing       | |  1.7

Action                   |  1- 3 |  4- 6 || total
-------------------------+-------+-------++-------
Melee: War axe           |   150 |   117 ||   267
  Use: Potion            |       |     4 ||     4
  Eat: Chunk             |     2 |     4 ||     6
Armor: Leather armour    |     8 |       ||     8
       Chain mail        |    76 |       ||    76
       Ring mail         |    10 |    30 ||    40
Dodge: Dodged            |    67 |    83 ||   150
